 Dungeon Crawl Stone Soup version 0.20.1-1-g8b1a95d (webtiles) character file.

10622 poirepourri the Transmogrifier (level 11, -6/83 (84) HPs)
             Began as a Merfolk Transmuter on Aug 19, 2017.
             Was a Priest of Cheibriados.
             Mangled by a cyclops (32 damage)
             ... on level 11 of the Dungeon.
             The game lasted 00:25:31 (17988 turns).

poirepourri the Transmogrifier (MfTm)              Turns: 17988, Time: 00:25:32

HP:   -6/83 (84)    AC:  2    Str: 17    XL:     11   Next: 65%
MP:   21/23         EV: 31    Int: 22    God:    Cheibriados [***...]
Gold: 652           SH:  0    Dex: 28    Spells: 11/26 levels left

rFire    . . .     SeeInvis .     - Unarmed
rCold    . . .     Gourm    .   (shield currently unavailable)
rNeg     . . .     Faith    .   (armour currently unavailable)
rPois    x         Spirit   .   (helmet currently unavailable)
rElec    .         Reflect  .   (cloak currently unavailable)
rCorr    .         Harm     .   (gloves currently unavailable)
MR       .....                  (boots currently unavailable)
Stlth    ++........             (no amulet)
Regen    0.3/turn               f - +2 ring of evasion
MPRegen  0.2/turn               u - +2 ring of evasion

@: spider-form, studying Dodging, very slow
A: (change form in water), (swift swim), (stealthy swim)
a: End Transformation, Bend Time, Temporal Distortion, Renounce Religion


You were on level 11 of the Dungeon.
You worshipped Cheibriados.
Cheibriados was most pleased with you.
You were full.
You were a venomous arachnid creature.
You visited 2 branches of the dungeon, and saw 12 of its levels.

You collected 652 gold pieces.

Inventory:

Hand Weapons
 j - a +4 morningstar of holy wrath
Missiles
 a - 256 arrows
 l - 16 tomahawks (quivered)
 n - 7 poisoned tomahawks
 X - 3 javelins
Armour
 b - a +1 robe (melded)
 z - a scarf of repulsion (melded)
 A - a scarf of resistance
 B - a +0 ring mail
 M - a +0 buckler
 O - a +0 hat (melded)
 Q - a +1 pair of gloves (melded)
Jewellery
 f - a +2 ring of evasion (left front leg)
 o - an uncursed ring of protection from magic
 u - a +2 ring of evasion (right front leg)
 Z - a cursed -2 ring of intelligence {unknown}
Wands
 d - a wand of polymorph (9/24)
 g - a wand of enslavement (17/24)
 v - a wand of polymorph (24/24)
 y - a wand of paralysis (7/24)
 C - a wand of flame (29/48)
 F - a wand of digging (4/24)
 G - a wand of flame (32/48)
 H - a wand of lightning (5/15)
 I - a wand of iceblast (5/15)
 J - a wand of lightning (4/15)
 L - a wand of confusion (24/48)
 Y - a wand of polymorph (8/24)
Scrolls
 p - 3 scrolls of teleportation
 x - 3 scrolls of remove curse
 E - 3 scrolls of magic mapping
 T - a scroll of amnesia
 W - a scroll of blinking
Potions
 e - 2 potions of flight
 i - 2 potions of agility
 k - a potion of mutation
 m - 2 potions of lignification
 q - 2 potions of brilliance
 r - a potion of curing
 s - 2 potions of might
 w - a potion of cancellation
 S - a potion of resistance
Books
 c - a book of Changes

   Spells                             Type                      Level
   a - Beastly Appendage              Transmutation                1
   b - Sticks to Snakes               Transmutation                2
   c - Spider Form                    Transmutation/Poison         3
   d - Ice Form                       Ice/Transmutation            4
   e - Blade Hands                    Transmutation                5
 h - a book of Minor Magic

   Spells                             Type                      Level
   a - Magic Dart                     Conjuration                  1
   b - Blink                          Translocation                2
   c - Call Imp                       Summoning                    2
   d - Slow                           Hexes                        2
   e - Conjure Flame                  Conjuration/Fire             3
   f - Mephitic Cloud                 Conjuration/Poison/Air       3
 t - a book of Cantrips

   Spells                             Type                      Level
   a - Confusing Touch                Hexes                        1
   b - Animate Skeleton               Necromancy                   1
   c - Summon Small Mammal            Summoning                    1
   d - Apportation                    Translocation                1
 D - a manual of Dodging
 K - a book of Battle

   Spells                             Type                      Level
   a - Infusion                       Charms                       1
   b - Shroud of Golubria             Charms/Translocation         2
   c - Song of Slaying                Charms                       2
   d - Spectral Weapon                Hexes/Charms                 3
   e - Regeneration                   Charms/Necromancy            3
 N - a book of Party Tricks

   Spells                             Type                      Level
   a - Summon Butterflies             Summoning                    1
   b - Apportation                    Translocation                1
   c - Lesser Beckoning               Translocation                3
   d - Tukima's Dance                 Hexes                        3
   e - Alistair's Intoxication        Transmutation/Poison         5
   f - Invisibility                   Hexes                        6
 U - a book of Geomancy

   Spells                             Type                      Level
   a - Sandblast                      Earth                        1
   b - Passwall                       Transmutation/Earth          2
   c - Stone Arrow                    Conjuration/Earth            3
   d - Petrify                        Transmutation/Earth          4
   e - Lee's Rapid Deconstruction     Earth                        5
Comestibles
 P - 8 royal jellies
 R - a meat ration


   Skills:
 - Level 7.4 Fighting
 - Level 5.0 Armour
 - Level 6.1 Dodging
 - Level 7.0 Unarmed Combat
 - Level 8.3 Spellcasting
 + Level 13.3 Transmutations
 - Level 0.2 Invocations


You had 11 spell levels left.
You knew the following spells:

 Your Spells              Type           Power        Failure   Level  Hunger
a - Beastly Appendage     Tmut           ######       1%          1    None
b - Sticks to Snakes      Tmut           ######..     1%          2    None
c - Spider Form           Tmut/Pois      #####.....   6%          3    None
d - Ice Form              Ice/Tmut       #####...     14%         4    ###....
e - Blade Hands           Tmut           ######....   4%          5    #####..


Dungeon Overview and Level Annotations

Branches:
Dungeon (11/15)            Temple (1/1) D:6
   Lair: D:8-11         Orc: D:9-12

Altars:
Ashenzari
Cheibriados
Dithmenos
Elyvilon
Fedhas
Gozag
Hepliaklqana
Kikubaaqudgha
Makhleb
Nemelex Xobeh
Okawaru
Qazlal
Ru
Sif Muna
Trog
Uskayaw
Vehumet
Xom
Yredelemnul
Zin
The Shining One

Shops:
D:11 }

Annotations:
D:7 Joseph, Menkaure


Message History

Confirm with . or Enter, or press ? or * to list all spells.
You turn into a venomous arachnid creature.
Your scarf of repulsion melds into your body.
Your +0 hat melds into your body.
Your +1 pair of gloves melds into your body.
Your +1 robe melds into your body.
The haze of the repulsion field disappears.
The cyclops hits you.
You hit the cyclops.
The cyclops is poisoned.
The cyclops is lightly wounded.
The cyclops hits you.
You bite the cyclops!
The cyclops looks as sick as possible!
The cyclops is moderately wounded.
The cyclops completely misses you.
You bite the cyclops!
The cyclops looks as sick as possible!
The cyclops is heavily wounded.
You bite the cyclops!
The cyclops looks as sick as possible!
The cyclops is severely wounded.
The cyclops hits you!!
You die...

#.#.......######.#
#.#.######....)#.#
#.# #.....####.#.#
..# #.#### #.#.#
..# #.#.# #.#(#
#.#(#.# #.#.#.#
..#s#%# ####C#.#
..#.# ####.# .#


You could see a cyclops.

Vanquished Creatures
  Erolcha (D:10)
  2 two-headed ogres
  An ugly thing (D:11)
  Psyche (D:9)
  A centaur skeleton (D:11)
  A hornet (D:10)
  5 hippogriffs
  A wyvern (D:9)
  A yak (D:11)
  2 hungry ghosts
  A soldier ant (D:10)
  An acid dragon (D:11)
  A water moccasin (D:9)
  A porcupine (D:11)
  2 orc warriors
  4 sky beasts
  A hornet zombie (D:5)
  4 ogres
  2 phantoms
  2 ice beasts
  The ghost of tidbits the Insei, an amateur DgTm (D:5)
  3 necrophages
  5 centaurs
  3 big kobolds
  7 bullfrogs
  A wyvern zombie (D:8)
  8 scorpions
  3 wights (D:9)
  6 howler monkeys
  2 vampire bats (D:4)
  2 electric eels (D:10)
  2 crimson imps (D:8)
  A bullfrog zombie (D:6)
  4 jellies
  3 centaur zombies
  6 hounds
  11 orc wizards
  3 orc priests
  Ijyb (D:4)
  2 gnoll shamans
  2 bullfrog skeletons
  10 worker ants
  4 iguanas
  2 hound skeletons (D:11)
  25 gnolls
  10 adders
  3 shadow imps
  An ooze (D:2)
  3 adder skeletons
  3 worms
  A dart slug (D:1)
  8 leopard geckos
  39 orcs
  4 giant cockroaches
  14 goblins
  17 hobgoblins
  5 jackals
  4 quokkas
  17 bats
  4 frilled lizards
  33 kobolds
  A leopard gecko skeleton (D:4)
  A quokka zombie (D:5)
  7 rats
  4 fungi (D:10)
331 creatures vanquished.

Vanquished Creatures (collateral kills)
  2 gnolls (D:4)
2 creatures vanquished.

Vanquished Creatures (others)
  A plant (D:5)
1 creature vanquished.

Grand Total: 334 creatures vanquished

Notes
Turn   | Place    | Note
-------+----------+-------------------------------------------
     0 | D:1      | poirepourri the Merfolk Transmuter began the quest for the Orb.
     0 | D:1      | Reached XP level 1. HP: 15/15 MP: 3/3
    44 | D:1      | Reached skill level 3 in Transmutations
   219 | D:1      | Reached XP level 2. HP: 15/21 MP: 3/5
   339 | D:1      | Learned a level 2 spell: Sticks to Snakes
   351 | D:1      | Reached skill level 4 in Transmutations
   536 | D:1      | Reached XP level 3. HP: 11/26 MP: 4/6
   822 | D:1      | Learned a level 3 spell: Spider Form
  1515 | D:2      | Reached XP level 4. HP: 31/33 MP: 5/7
  1560 | D:2      | Found an opulent altar of Gozag.
  2020 | D:2      | Found a deep blue altar of Sif Muna.
  2612 | D:3      | Reached XP level 5. HP: 38/38 MP: 3/9
  2979 | D:3      | Reached skill level 5 in Transmutations
  3506 | D:4      | Reached skill level 6 in Transmutations
  3509 | D:4      | Reached XP level 6. HP: 38/44 MP: 7/10
  3515 | D:4      | Learned a level 4 spell: Ice Form
  3815 | D:4      | Noticed Ijyb
  3828 | D:4      | Killed Ijyb
  3910 | D:4      | Reached skill level 7 in Transmutations
  3923 | D:4      | HP: 2/44 [poisoned by a scorpion]
  4216 | D:4      | Reached XP level 7. HP: 29/50 MP: 9/12
  5094 | D:4      | Reached skill level 5 in Spellcasting
  5369 | D:4      | Learned a level 5 spell: Blade Hands
  5418 | D:4      | Found a glowing golden altar of the Shining One.
  5420 | D:4      | Noticed an angel
  5445 | D:4      | Found a basalt altar of Yredelemnul.
  5447 | D:4      | Noticed a profane servitor
  5497 | D:5      | Entered Level 5 of the Dungeon
  5534 | D:5      | Noticed tidbits's ghost (amateur DgTm)
  5573 | D:5      | Killed tidbits's ghost
  5774 | D:5      | Found a hide-covered altar of Uskayaw.
  5836 | D:5      | Reached skill level 5 in Dodging
  5853 | D:5      | HP: 2/50 [hornet zombie (12)]
  5858 | D:5      | Reached XP level 8. HP: 3/56 MP: 15/15
  6496 | D:5      | Reached skill level 5 in Unarmed Combat
  7108 | D:5      | Found a sacrificial altar of Ru.
  7562 | D:6      | Reached skill level 8 in Transmutations
  7690 | D:6      | Reached skill level 9 in Transmutations
  7690 | D:6      | Reached XP level 9. HP: 56/61 MP: 12/16
  7818 | D:6      | Found a staircase to the Ecumenical Temple.
  7864 | D:6      | Found a blossoming altar of Fedhas.
  8289 | D:7      | Reached skill level 10 in Transmutations
  8532 | D:7      | Found a radiant altar of Vehumet.
  8542 | D:7      | Noticed Joseph
  8548 | D:7      | Noticed Menkaure
  9665 | D:8      | Found a hazy altar of Hepliaklqana.
 10026 | D:8      | Reached skill level 11 in Transmutations
 10372 | D:8      | Reached XP level 10. HP: 67/67 MP: 15/20
 10806 | D:8      | Reached skill level 12 in Transmutations
 10881 | D:8      | Reached skill level 1 in Armour
 11770 | D:9      | Noticed a two-headed ogre
 12798 | D:9      | Killed a two-headed ogre
 13160 | D:9      | Found a burning altar of Makhleb.
 13162 | D:9      | Found a glowing silver altar of Zin.
 13162 | D:9      | Noticed a cacodemon
 13162 | D:9      | Noticed an angel
 13182 | D:9      | Noticed Psyche
 13189 | D:9      | Killed Psyche
 13945 | D:9      | Found a snail-covered altar of Cheibriados.
 14043 | D:10     | Entered Level 10 of the Dungeon
 14141 | Temple   | Entered the Ecumenical Temple
 14482 | D:9      | Became a worshipper of Cheibriados the Contemplative
 14517 | D:10     | Found Mosehy's Book Shoppe.
 14678 | D:10     | Noticed a two-headed ogre
 14688 | D:10     | Killed a two-headed ogre
 14688 | D:10     | Reached XP level 11. HP: 80/83 MP: 19/21
 14881 | D:10     | Noticed Erolcha
 15238 | D:10     | Reached skill level 5 in Armour
 15433 | D:10     | Reached * piety under Cheibriados
 16497 | D:10     | Reached ** piety under Cheibriados
 16577 | D:10     | Killed Erolcha
 17424 | D:11     | Found Jiarph's Quality Used Wands.
 17644 | D:11     | Reached *** piety under Cheibriados
 17673 | D:11     | Noticed a green ugly thing
 17692 | D:11     | Killed a green ugly thing
 17692 | D:11     | Reached skill level 13 in Transmutations
 17978 | D:11     | Noticed a cyclops
 17988 | D:11     | Mangled by a cyclops

Skill      XL: |  1  2  3  4  5  6  7  8  9 10 11 |
---------------+----------------------------------+-----
Transmutations | 3 4 6 7 9 11 12 13 | 13.3
Unarmed Combat | 4 7 |  7.0
Fighting       | 2 7 |  7.4
Spellcasting   | 3 5 7 8 |  8.3
Dodging        | 5 6 |  6.1
Armour         | 4 5 |  5.0
Invocations    | |  0.2

Action                   |  1- 3 |  4- 6 |  7- 9 | 10-12 || total
-------------------------+-------+-------+-------+-------++-------
Melee: Unarmed           |    94 |   177 |   440 |   557 ||  1268
       Headbutt          |    11 |     4 |    14 |    23 ||    52
       Punch             |       |       |     1 |     4 ||     5
 Cast: Beastly Appendage |    24 |     4 |    10 |    16 ||    54
       Spider Form       |     2 |    28 |    49 |    42 ||   121
       Sticks to Snakes  |       |       |     2 |       ||     2
       Ice Form          |       |       |     4 |     1 ||     5
       Blade Hands       |       |       |       |     3 ||     3
  Use: Scroll            |     1 |     9 |    13 |     8 ||    31
       Potion            |       |     3 |     1 |     3 ||     7
 Stab: Sleeping          |     2 |     2 |       |       ||     4
       Distracted        |       |       |     1 |       ||     1
  Eat: Bread ration      |     1 |       |     4 |     2 ||     7
       Meat ration       |       |     2 |       |     4 ||     6
       Chunk             |       |     3 |       |     2 ||     5
       Royal jelly       |       |       |     3 |     1 ||     4
       Fruit             |       |       |     3 |       ||     3
Armor: Robe              |    23 |     2 |    11 |    10 ||    46
       Skin              |       |     5 |    16 |     8 ||    29
       Ring mail         |       |       |     1 |       ||     1
Dodge: Dodged            |    75 |   158 |   452 |   664 ||  1349
       Deflected         |       |       |       |     2 ||     2
